 Dungeon Crawl Stone Soup version 0.31-a0-188-g5e087ee2ca (webtiles) character file.

Game seed: 9155725496388642008

46 qw the Shooter (level 3, -5/20 HPs)
             Began as a Deep Elf Hunter on June 23, 2023.
             Slain by Sigmund
             ... wielding a +0 scythe
              (6 damage)
             ... on level 2 of the Dungeon.
             The game lasted 00:00:23 (820 turns).

qw the Shooter (Deep Elf Hunter)                     Turns: 820, Time: 00:00:24

Health: -5/20      AC:  6    Str: 10    XL:     3   Next: 46%
Magic:  5/5        EV:  9    Int: 13    God:
Gold:   100        SH:  0    Dex: 18    Spells: 2/2 levels left

rFire   . . .        Y - +0 shortbow
rCold   . . .        (shield currently unavailable)
rNeg    . . .        h - +0 scale mail
rPois   .            (no helmet)
rElec   .            (no cloak)
rCorr   .            (no gloves)
SInv    .            (no boots)
Will    .....        (no amulet)
Stlth   +            (no ring)
HPRegen 0.23/turn    (no ring)
MPRegen 0.09/turn

%: no passive effects
@: no status effects
A: no striking features
a: no special abilities


You were on level 2 of the Dungeon.
You visited 1 branch of the dungeon, and saw 2 of its levels.

You collected 130 gold pieces.
You spent 30 gold pieces at shops.


   Skills:
 - Level 1.5 Fighting
 + Level 7.0 Ranged Weapons
 - Level 2.4 Dodging
 - Level 1.2 Stealth


You had 2 spell levels left.
You didn't know any spells.
Your spell library was empty.

Inventory:

Hand Weapons
 Y - a +0 shortbow (weapon)
Armour
 h - a +0 scale mail (worn)
 i - a +0 pair of gloves
 k - a +0 ring mail
Scrolls
 a - a scroll of identify
 c - a scroll of revelation {unknown}
 e - a scroll of enchant weapon {unknown}
 j - a scroll of fear {unknown}
Potions
 b - a potion of brilliance {unknown}
 d - a potion of might {unknown}
 f - 3 potions of curing
 g - a potion of enlightenment {unknown}

Dungeon Overview and Level Annotations

Branches:
Dungeon (2/15)

Altars:

Shops:
D:1 !

Annotations:
D:2 Sigmund, Terence


Message History

Enter note:
Enter note:
Enter note:
Enter note:
Enter note:
Enter note:
811 ||| Stepping ~*~*~tactically~*~*~ (outnumbered).
You shoot an arrow. The arrow hits the ball python.
You kill the ball python!
You hear an angry hiss.
Sigmund and a ball python come into view.
A giant cockroach comes into view.
Terence the Incautious comes into view.
He is wielding a +0 short sword and carrying a wand of flame (11).
Sigmund hits you with a +0 scythe.
You see here a ball python corpse.
You shoot an arrow.
Terence shouts!
The arrow hits Sigmund but does no damage.
815 ||| Stepping ~*~*~tactically~*~*~ (outnumbered).
Sigmund attacks as you move away! Sigmund barely misses you.
You shoot an arrow. The arrow hits the ball python!
You kill the ball python!
Sigmund barely misses you.
You shoot an arrow. The arrow hits the giant cockroach.
You kill the giant cockroach!
Sigmund gestures at you while chanting. The magic dart hits you!
You shoot an arrow.
The arrow hits Terence but does no damage.
Sigmund mumbles some strange words.
Sigmund flickers and vanishes!
Deactivating autopickup; reactivate with Ctrl-A.
Terence zaps a wand.
The puff of flame hits you. Something hits you but does no damage.
You shoot an arrow.
The arrow hits Terence but does no damage.
Terence hits you but does no damage.
You shoot an arrow. The arrow barely misses Terence.
Terence hits you with a +0 short sword. Something hits you.
You die...

.....#######.....####.#.####.....
..........##.....# #.#.# #.####
......###.##.....####.#.# #.# #
......#.#.###.........#.# #.# #
#.#.#..<#.#############.# #.#
....#####.......# #.# #.#
................##### #.# #.#
...##########....@{.# #.# #.####
...# #...@#..# #..... ...#####
######.B# ##### .......# @...
...##### ..### #### ..# .## .#


You could see Terence.

Vanquished Creatures
  An adder (D:2)
  2 worms (D:2)
  2 endoplasms (D:2)
  A giant cockroach (D:2)
  4 goblins
  2 hobgoblins
  A kobold (D:1)
  A quokka (D:2)
  8 ball pythons
  4 bats (D:1)
  3 frilled lizards
  5 rats
34 creatures vanquished.

Notes
Turn   | Place    | Note
-------+----------+-------------------------------------------
     0 | D:1      | qw the Deep Elf Hunter began the quest for the Orb.
     0 | D:1      | Reached XP level 1. HP: 12/12 MP: 3/3
     0 | D:1      | 0 ||| qw: Version: 0.3-a-9-g12657ce
     0 | D:1      | 0 ||| qw: Game counter: 3575
     0 | D:1      | 0 ||| qw: Always use a shield: true
     0 | D:1      | 0 ||| qw: God list: Okawaru
     0 | D:1      | 0 ||| qw: Allow faded altars: false
     0 | D:1      | 0 ||| qw: Do Orc after D:15 true
     0 | D:1      | 0 ||| qw: Do second Lair branch before Depths: true
     0 | D:1      | 0 ||| qw: Lair rune preference: random
     0 | D:1      | 0 ||| qw: Plans: Normal
     0 | D:1      | 0 ||| PLANNING D:1-11
   130 | D:1      | Found Juxtaof's Distillery.
   134 | D:1      | 134 ||| SHOPLISTING 2 potions of curing (60 gold, have 47).
   134 | D:1      | 134 ||| BUYING potion of curing (30 gold).
   134 | D:1      | Bought a potion of curing for 30 gold pieces
   134 | D:1      | 134 ||| SHOPLISTING potion of haste (100 gold, have 17).
   134 | D:1      | 134 ||| SHOPLISTING potion of heal wounds (50 gold, have
                  | 17).
   281 | D:1      | Reached XP level 2. HP: 16/16 MP: 4/4
   282 | D:1      | Reached skill level 6 in Ranged Weapons
   356 | D:1      | 356 ||| UPGRADING to +0 scale mail.
   366 | D:1      | 366 ||| DROPPING +0 leather armour.
   367 | D:1      | 367 ||| READING 2 scrolls labelled SUEPSETRYWK.
   368 | D:1      | 368 ||| READING scroll labelled DALAGIM ERYZYF.
   369 | D:1      | 369 ||| DROPPING scroll of butterflies.
   459 | D:2      | Reached XP level 3. HP: 20/20 MP: 5/5
   769 | D:2      | Reached skill level 7 in Ranged Weapons
   810 | D:2      | Noticed Sigmund
   811 | D:2      | 811 ||| Stepping ~*~*~tactically~*~*~ (outnumbered).
   813 | D:2      | Noticed Terence
   815 | D:2      | 815 ||| Stepping ~*~*~tactically~*~*~ (outnumbered).
   818 | D:2      | HP: 3/20 [Terence/puff of flame (5)]
   820 | D:2      | HP: 1/20 [Terence/+0 short sword (3)]
   820 | D:2      | Slain by Sigmund

Levels and vault maps discovered:
D:1:      onia_arrival_pyramid, layout_basic, serial_shops, shop,
          nrook_campfire, serial_park_tiny_1
D:2:      layout_basic, shapermc_ecumenical_altar_petra, uniq_terence,
          uniq_sigmund

Skill      XL: |  1  2  3 |
---------------+----------+-----
Ranged Weapons | 6 7 |  7.0
Fighting       | |  1.5
Dodging        | |  2.4
Stealth        | |  1.2

Action                     || total
---------------------------++-------
   Fire: Shortbow          ||    91
    Use: Scroll            ||     2
 Armour: Leather armour    ||     3
         Scale mail        ||     6
  Dodge: Dodged            ||    20

Table legend:
 A = Non-vault XP
 B = Vault XP
 C = Vault XP percentage of total XP
 D = Non-vault monster count
 E = Vault monster count
 F = Vault count percentage of total count
                 A         B        C        D         E       F
            +---------+---------+-------+---------+---------+-------
      Total |      67 |       0 |   0.0 |      34 |       0 |   0.0
            +---------+---------+-------+---------+---------+-------
        D:1 |      16 |       0 |   0.0 |      12 |       0 |   0.0
        D:2 |      51 |       0 |   0.0 |      22 |       0 |   0.0
            +---------+---------+-------+---------+---------+-------
